AoeStats
← Kanna Kamui

Nomad

509854797Analyzed
3v3 RM · 3d ago on Sep 28, 2026· 60m 28s· 6 players
Game mode
Random Map
Map size
210×210
Population
200
Speed
Normal
Resources
Standard
Victory
Conquest
Starting age
Dark Age
Ending age
Imperial Age
RankedLock teamsTeams togetherTeam positionsShared explorationLock speedFull tech treeHidden civsTurbo modeCheats
Victory
Defeat
🇨🇳 Spanish · China
809
+15
🇦🇷 Khmer · Argentina
788
+16
🇵🇹 Teutons · Portugal
773
+16
🇰🇷 Goths · South Korea
812
-17
🇹🇼 Britons · Taiwan
772
-15
🇳🇱 Franks · Netherlands
766
-15
coptel22
13:43 Feudal Age
15:31 Double-Bit Axe
17:12 Man-at-Arms
21:55 Castle Age
20:16 Horse Collar
23:57 Bow Saw
23:49 Heavy Plow
28:22 Scale Barding Armor
28:28 Forging
31:29 Wheelbarrow
30:39 Loom
30:40 Town Watch
32:59 Hand Cart
35:09 Tusk Swords
47:53 Chain Barding Armor
48:08 Iron Casting
60:06 Imperial Age
Anduril
15:36 Feudal Age
18:36 Double-Bit Axe
21:26 Bloodlines
25:14 Castle Age
24:33 Scale Barding Armor
24:38 Forging
24:57 Stone Mining
24:58 Gold Mining
24:56 Horse Collar
26:39 Chain Barding Armor
28:14 Iron Casting
29:37 Heavy Plow
35:49 Imperial Age
35:48 Fishing Lines
36:17 Scale Mail Armor
37:53 Bow Saw
38:01 Elite Teutonic Knight
39:37 Crenellations
40:49 Two-Man Saw
40:37 Ballistics
41:20 Chemistry
40:38 Arson
42:22 Cavalier
44:50 Heavy Scorpion
46:15 Chain Mail Armor
49:27 Crop Rotation
51:48 Paladin
52:32 Padded Archer Armor
52:32 Elite Skirmisher
53:33 Fletching
53:58 Leather Archer Armor
54:21 Wheelbarrow
53:32 Town Watch
54:24 Wheelbarrow
欧皇
15:42 Feudal Age
25:30 Castle Age
31:58 Imperial Age
30:37 Wheelbarrow
31:44 Double-Bit Axe
31:52 Gold Mining
54:12 Masonry
55:34 Horse Collar
goldenshit
5:21 Loom
15:43 Feudal Age
20:25 Castle Age
19:05 Wheelbarrow
21:14 Double-Bit Axe
24:11 Hand Cart
25:23 Forging
25:13 Stone Mining
28:21 Scale Barding Armor
28:16 Scale Mail Armor
27:39 Pikeman
28:21 Squires
29:53 Man-at-Arms
36:27 Gold Mining
38:49 Iron Casting
38:30 Chain Mail Armor
38:35 Chain Barding Armor
42:38 Imperial Age
42:44 Cavalier
49:51 Halberdier
rananculus
3:48 Loom
16:36 Feudal Age
16:50 Man-at-Arms
24:08 Castle Age
22:13 Fishing Lines
24:48 Double-Bit Axe
24:42 Long Swordsman
24:43 Pikeman
25:23 Squires
25:44 Scale Mail Armor
25:54 Forging
28:12 Chain Mail Armor
28:33 Iron Casting
28:41 Gold Mining
28:42 Stone Mining
31:28 Gillnets
33:00 Wheelbarrow
32:54 Town Watch
43:00 Stone Mining
Kanna Kamui
3:35 Loom
17:41 Feudal Age
18:09 Fishing Lines
18:42 Double-Bit Axe
19:47 Town Watch
20:41 Wheelbarrow
21:33 Fletching
21:44 Padded Archer Armor
21:57 Forging
21:54 Scale Barding Armor
24:30 Castle Age
23:56 Stone Mining
24:02 Gold Mining
24:28 Scale Mail Armor
25:37 Gillnets
27:19 Bow Saw
28:19 Gold Shaft Mining
31:28 Yeomen
31:46 Bodkin Arrow
35:48 Imperial Age
34:07 Ballistics
34:16 Masonry
33:46 Treadmill Crane
35:26 Murder Holes
35:50 Leather Archer Armor
36:11 Iron Casting
36:01 Hand Cart
36:18 Husbandry
35:57 Light Cavalry
37:11 Bracer
38:08 Conscription
37:49 Warwolf
37:56 Horse Collar
39:35 Two-Man Saw
43:20 Siege Engineers
44:21 Chemistry
54:42 Blast Furnace
54:04 Chain Barding Armor
60:59 Chain Mail Armor
60:46 Squires
60:09 Pikeman
Connection lost

Rejoining the realm…

Still unreachable

The connection could not be restored.

Session expired

The server has moved on; the page needs a fresh start.